 Dungeon Crawl Stone Soup version 0.29.1-1-gd02db6906a (webtiles) character file.

Game seed: 18049689254932623720

36 Aibolit the Conjurer (level 3, -4/24 HPs)
             Began as a Human Conjurer on Oct 5, 2022.
             Frozen to death by an endoplasm (5 damage)
             ... on level 2 of the Dungeon.
             The game lasted 00:02:15 (1669 turns).

Aibolit the Conjurer (Human Conjurer)               Turns: 1669, Time: 00:02:15

Health: -4/24      AC:  2    Str:  7    XL:     3   Next: 57%
Magic:  2/6        EV:  9    Int: 20    God:
Gold:   42         SH:  0    Dex: 11    Spells: 5/6 levels left

rFire   . . .      SeeInvis .   e - +2 dagger (holy)
rCold   . . .      Faith    .   (no shield)
rNeg    + . .      Spirit   .   a - +0 robe
rPois   .          Reflect  .   (no helmet)
rElec   .          Harm     .   (no cloak)
rCorr   .          Rampage  .   (no gloves)
Will    .....                   (no boots)
Stlth   ++........              (no amulet)
HPRegen 0.08/turn               g - ring of positive energy
MPRegen 0.10/turn               (no ring)

@: constricted
A: no striking features
a: no special abilities


You were on level 2 of the Dungeon.
You visited 1 branch of the dungeon, and saw 2 of its levels.

You collected 42 gold pieces.

Inventory:

Hand Weapons
 e - a +2 dagger of holy wrath (weapon)
Armour
 a - a +0 robe (worn)
Jewellery
 g - a ring of positive energy (left hand)
Scrolls
 d - a scroll of identify
Potions
 b - a potion of magic
 c - a potion of ambrosia
 f - a potion of might {unknown}
 h - a potion of heal wounds {unknown}


   Skills:
 + Level 2.4 Dodging
 + Level 2.6 Stealth
 + Level 2.3 Spellcasting
 + Level 4.3 Conjurations


You had 5 spell levels left.
You knew the following spells:

 Your Spells              Type           Power      Damage    Failure   Level
a - Magic Dart            Conj           76%        1d6       2%          1

Your spell library contained the following spells:

 Spells                   Type           Power      Damage    Failure   Level
 Searing Ray              Conj           38%        2d5       4%          2
 Necrotise                Necr           8%         1d4       16%         1
 Dazzling Flash           Conj/Hex       22%        N/A       19%         3
 Vampiric Draining        Necr           2%         2d6       41%         3
 Fulminant Prism          Conj/Hex       5%         3d7       52%         4
 Iskenderun's Mystic Bla  Conj/Tloc      11%        2d4       52%         4
 Agony                    Necr           2%         N/A       99%         5


Dungeon Overview and Level Annotations

Branches:
Dungeon (2/15)

Altars:


Message History

The ball python barely misses you. The endoplasm freezes you.
You are frozen.
You hit the dart slug.
You kill the dart slug!
The ball python bites you. The ball python grabs you.
The ball python constricts you.
The giant cockroach bites you but does no damage.
The endoplasm hits you.
You hit the endoplasm.
The endoplasm is moderately wounded.
The ball python barely misses you. The ball python constricts you.
The giant cockroach barely misses you. The endoplasm barely misses you.
You hit the endoplasm but do no damage.
The endoplasm is moderately wounded.
The ball python closely misses you. The ball python constricts you.
The giant cockroach bites you. The endoplasm misses you.
You barely miss the endoplasm.
The endoplasm is moderately wounded.
The ball python bites you. The ball python constricts you.
The giant cockroach bites you but does no damage.
The endoplasm hits you but does no damage.
The ball python barely misses you. The ball python constricts you.
You hit the endoplasm.
The endoplasm is heavily wounded.
The giant cockroach bites you. The ball python closely misses you.
The ball python constricts you.
* * * LOW HITPOINT WARNING * * *
The endoplasm hits you.
* * * LOW HITPOINT WARNING * * *
You barely miss the endoplasm.
The endoplasm is heavily wounded.
The giant cockroach bites you but does no damage.
The ball python bites you.
* * * LOW HITPOINT WARNING * * *
The ball python constricts you. The giant cockroach bites you.
* * * LOW HITPOINT WARNING * * *
The endoplasm freezes you.
You are frozen.
You die...

#.#.. . ..#. ..
S#....#.#.. ...
#(....#...##
...?##(....#....
...#..#....#..#
..#...l#S.#...
#....B@#)#.#.#
#$......J#..#.#
.##....##.).#.#
...####...#.#.#
.. .......#<#.#
. .J.......##.#
..#.#.......# .
#.#.#.#...## #
#.#.###..#


You could see an endoplasm, a giant cockroach, a ball python and a frilled
lizard.

Vanquished Creatures
  3 dart slugs
  An endoplasm (D:1)
  2 giant cockroaches
  3 goblins
  5 hobgoblins (D:1)
  3 jackals (D:1)
  A kobold (D:2)
  A quokka (D:1)
  3 ball pythons (D:1)
  2 bats (D:1)
  A frilled lizard (D:1)
  A rat (D:1)
26 creatures vanquished.

Notes
Turn   | Place    | Note
-------+----------+-------------------------------------------
     0 | D:1      | Aibolit the Human Conjurer began the quest for the Orb.
     0 | D:1      | Reached XP level 1. HP: 13/13 MP: 3/3
   453 | D:1      | Reached XP level 2. HP: 17/19 MP: 0/5
   844 | D:1      | Reached XP level 3. HP: 22/24 MP: 1/6
  1669 | D:2      | HP: 1/24 [giant cockroach (2)]
  1669 | D:2      | Frozen to death by an endoplasm

Illustrated notes

Levels and vault maps discovered:
D:1:      lemuel_arrival_hallway, layout_loops_ring, minmay_fountain_box
D:2:      layout_basic, serial_shops, shop, chequers_mini_garden,
          minmay_strange_pillars, minmay_circled_x, uniq_terence,
          uniq_crazy_yiuf_cottage

Action                   || total
-------------------------++-------
Melee: Unarmed           ||    22
       Dagger            ||    31
       Punch             ||     1
 Cast: Magic Dart        ||    50
  Use: Scroll            ||     1
Armor: Robe              ||    10
Dodge: Dodged            ||    47
